 Dungeon Crawl Stone Soup version 0.23-a0-494-g91793a9 (webtiles) character file.

3048 zishaf the Arsonist (level 9, -4/45 HPs)
             Began as a Deep Elf Fire Elementalist on Dec 4, 2018.
             Was an Initiate of Vehumet.
             Slain by a death yak (15 damage)
             ... on level 7 of the Dungeon.
             The game lasted 00:32:01 (9855 turns).

zishaf the Arsonist (Deep Elf Fire Elementalist)    Turns: 9855, Time: 00:32:01

Health: -4/45      AC:  9    Str:  5    XL:     9   Next: 57%
Magic:  7/19       EV: 17    Int: 27    God:    Vehumet [......]
Gold:   334        SH:  0    Dex: 15    Spells: 1/18 levels left

rFire    + . .     SeeInvis .   D - staff of conjuration
rCold    . . .     Gourm    .   (no shield)
rNeg     . . .     Faith    .   G - +2 robe {MR+}
rPois    .         Spirit   .   x - +2 helmet "Deuwn" {+Inv rC+ MR+ rCorr}
rElec    .         Reflect  .   E - +0 cloak
rCorr    +         Harm     .   (no gloves)
MR       ++...                  F - +0 pair of boots
Stlth    ++........             (no amulet)
HPRegen  0.15/turn              f - ring of fire
MPRegen  0.16/turn              l - +3 ring of intelligence

@: no status effects
A: no striking features
a: Renounce Religion, Evoke Invisibility


You were on level 7 of the Dungeon.
You worshipped Vehumet.
Vehumet was noncommittal.
You were hungry.

You visited 2 branches of the dungeon, and saw 9 of its levels.

You collected 334 gold pieces.

Inventory:

Hand Weapons
 a - a +4 dagger
 t - a +0 blowgun
Missiles
 u - 15 poisoned needles
Armour
 x - the +2 helmet "Deuwn" (worn) {+Inv rC+ MR+ rCorr}
   (You took it off Robin on level 4 of the Dungeon)

   It protects you from cold.
   It affects your resistance to hostile enchantments.
   It lets you turn invisible.
   It provides partial protection from all sources of acid and corrosion.
 E - a +0 cloak (worn)
 F - a +0 pair of boots (worn)
 G - a +2 robe of magic resistance (worn)
Magical Staves
 D - an uncursed staff of conjuration (weapon)
Jewellery
 d - an uncursed ring of magical power
 f - a ring of fire (left hand)
 k - an uncursed ring of protection from fire
 l - a +3 ring of intelligence (right hand)
 I - an uncursed ring of positive energy
 K - an uncursed ring of see invisible
Wands
 r - a wand of iceblast (15)
Scrolls
 g - 2 scrolls of amnesia
 h - 3 scrolls of remove curse
 m - 2 scrolls of noise {unknown}
 q - a scroll of fear
 s - 2 scrolls of enchant armour
 w - 2 scrolls of random uselessness {unknown}
 y - 2 scrolls of immolation {unknown}
 J - 2 scrolls of teleportation {unknown}
Potions
 b - 9 potions of curing {unknown}
 e - 2 potions of cancellation {unknown}
 i - 3 potions of brilliance {unknown}
 j - 3 potions of agility {unknown}
 n - a potion of invisibility {unknown}
 o - 3 potions of resistance {unknown}
 p - 3 potions of heal wounds {unknown}
 v - 2 potions of haste {unknown}
 z - a potion of mutation {unknown}
 A - 2 potions of flight {unknown}
 B - 2 potions of degeneration {unknown}
Comestibles
 c - 11 rations


   Skills:
 + Level 7.1 Dodging
 - Level 3.0 Stealth
 - Level 5.3 Spellcasting
 * Level 8.7 Conjurations
 * Level 9.3 Fire Magic
 + Level 2.6 Air Magic


You had one spell level left.
You knew the following spells:

 Your Spells              Type           Power        Failure   Level  Hunger
a - Throw Flame           Conj/Fire      ######       1%          2    None
b - Flame Tongue          Conj/Fire      #####        1%          1    None
c - Conjure Flame         Conj/Fire      #######.     1%          3    #......
d - Fireball              Conj/Fire      #######...   4%          5    #####..
e - Mephitic Cloud        Conj/Pois/Air  #####...     4%          3    #......
f - Blink                 Tloc           N/A          11%         2    None
g - Magic Dart            Conj           ####         1%          1    None

Your spell library contained the following spells:

 Spells                   Type           Power        Failure   Level  Hunger
 Sting                    Conj/Pois      ####         1%          1    None
 Sticky Flame             Conj/Fire      #######.     1%          4    ###....
 Inner Flame              Hex/Fire       #####...     3%          3    #......
 Poisonous Vapours        Pois/Air       ##....       6%          2    None
 Call Imp                 Summ           #.......     11%         2    None
 Slow                     Hex            #.......     11%         2    None
 Venom Bolt               Conj/Pois      #####.....   32%         5    #####..
 Olgreb's Toxic Radiance  Pois           #.......     56%         4    ###....


Dungeon Overview and Level Annotations

Branches:
Dungeon (8/15)             Temple (1/1) D:7            Lair (0/6) D:8

Altars:
Ashenzari
Cheibriados
Dithmenos
Elyvilon
Fedhas
Gozag
Hepliaklqana
Kikubaaqudgha
Makhleb
Nemelex Xobeh
Okawaru
Qazlal
Ru
Sif Muna
Trog
Uskayaw
Vehumet
Wu Jian
Xom
Yredelemnul
Zin
The Shining One

Shops:
D:4 =   D:6 !

Annotations:
D:7 exclusion: 2 downstairs


Message History

Aiming: Flame Tongue (safe; 1% risk of failure)
Press: ? - help, Shift-Dir - straight line, f/p - death yak
Aim: a death yak (flame, heavily wounded)
You feel a strong surge of power!
The flame tongue hits the death yak.
The death yak is heavily wounded.
The death yak is engulfed in blazing flames.
The death yak gores you!!
Ouch! That really hurt!
* * * LOW HITPOINT WARNING * * *
Casting: Flame Tongue (safe; 1% risk of failure)
Confirm with . or Enter, or press ? or * to list all spells.
Aiming: Flame Tongue (safe; 1% risk of failure)
Press: ? - help, Shift-Dir - straight line, f/p - death yak
Aim: a death yak (flame, heavily wounded)
You feel a strong surge of power!
The flame tongue hits the death yak.
The death yak appears unharmed.
The death yak is heavily wounded.
The death yak is engulfed in blazing flames.
The death yak gores you!
You die...

#......# #....#.# #..#
#......# #..###.###.##
#......# #.##.....###
##....## #.#.8...8.#
#....# ##.#.......###
##.<## #......_.....#
#..# #..#.......#.#
##..#####..#.8...8.#.#
#...#..@Y..##.....##.#
##.....########.###..#
##..### #...>....##
#...# ###.......##
#...# ####.......#
##..# ###.......#...
#..## #.........##..
#...# ##.........##.
##..# #.....#....#.


You could see a death yak.

Vanquished Creatures
  Prince Ribbit (D:5)
  A hippogriff (D:7)
  A ynoxinul (D:8)
  Sigmund (D:6)
  A yak (D:8)
  Eustachio (D:6)
  Menkaure (D:6)
  A sky beast (D:5)
  An orc warrior (D:8)
  A phantom (D:6)
  A black bear (D:7)
  2 ice beasts (D:8)
  2 ogres (D:7)
  A centaur (D:8)
  3 bullfrogs
  3 wights (D:8)
  An electric eel (D:6)
  2 centaur zombies (D:7)
  A crimson imp (D:8)
  2 hounds
  2 orc priests
  Crazy Yiuf (D:6)
  A bullfrog skeleton (D:7)
  Ijyb (D:3)
  7 orc wizards
  2 iguanas
  5 worker ants
  2 hound skeletons
  A worker ant zombie (D:8)
  Robin (D:4)
  A howler monkey skeleton (D:6)
  6 adders
  3 shadow imps
  2 oozes
  2 adder skeletons
  6 worms
  2 dart slugs
  6 leopard geckos
  25 orcs
  A ball python (D:1)
  7 bats
  3 giant cockroaches
  21 goblins
  9 hobgoblins
  9 jackals
  5 kobolds
  3 quokkas
  8 frilled lizards
  5 rats
175 creatures vanquished.

Notes
Turn   | Place    | Note
-------+----------+-------------------------------------------
     0 | D:1      | zishaf the Deep Elf Fire Elementalist began the quest for
                  | the Orb.
     0 | D:1      | Reached XP level 1. HP: 10/10 MP: 6/6
   111 | D:1      | Reached XP level 2. HP: 15/15 MP: 4/8
   115 | D:1      | Learned a level 2 spell: Throw Flame
   583 | D:2      | Reached XP level 3. HP: 19/19 MP: 6/9
   602 | D:2      | Found a faded altar of an unknown god.
   661 | D:2      | Became a worshipper of Makhleb the Destroyer
   661 | D:2      | Reached * piety under Makhleb
   852 | D:2      | Reached skill level 4 in Fire Magic
  1304 | D:2      | Reached XP level 4. HP: 24/24 MP: 10/10
  1434 | D:2      | Found a bloodstained altar of Trog.
  1451 | D:2      | Reached ** piety under Makhleb
  2153 | D:3      | Noticed Ijyb
  2623 | D:3      | Reached XP level 5. HP: 28/28 MP: 3/11
  3359 | D:4      | Reached skill level 5 in Fire Magic
  3467 | D:3      | Reached XP level 6. HP: 32/32 MP: 1/12
  4075 | D:4      | Reached *** piety under Makhleb
  4075 | D:4      | Identified the +2 helmet "Deuwn" {+Inv rC+ MR+ rCorr}
  4075 | D:4      | Noticed Robin
  4116 | D:4      | Killed Robin
  4401 | D:4      | Found Pungopt's Jewellery Boutique.
  4702 | D:5      | Entered Level 5 of the Dungeon
  4732 | D:5      | Noticed a sky beast
  4746 | D:5      | Killed a sky beast
  4746 | D:5      | Reached skill level 5 in Conjurations
  4910 | D:5      | Noticed Prince Ribbit
  4966 | D:4      | Learned a level 3 spell: Conjure Flame
  4972 | D:4      | Learned a level 5 spell: Fireball
  4999 | D:3      | Killed Ijyb
  4999 | D:3      | Reached skill level 6 in Fire Magic
  4999 | D:3      | Reached XP level 7. HP: 36/36 MP: 8/13
  5205 | D:5      | Killed Prince Ribbit
  5205 | D:5      | Reached skill level 5 in Dodging
  5867 | D:6      | Reached **** piety under Makhleb
  5971 | D:6      | Noticed Eustachio
  5981 | D:6      | Killed Eustachio
  5981 | D:6      | Reached skill level 7 in Fire Magic
  5981 | D:6      | Reached XP level 8. HP: 41/41 MP: 4/16
  6126 | D:6      | Learned a level 3 spell: Mephitic Cloud
  6312 | D:6      | Noticed Sigmund
  6331 | D:6      | Killed Sigmund
  6385 | D:6      | Noticed Menkaure
  6390 | D:6      | Killed Menkaure
  6399 | D:6      | Reached skill level 5 in Spellcasting
  6776 | D:6      | Found Wejianga's Distillery.
  6892 | D:6      | Found a runed door.
  6896 | D:6      | Noticed Crazy Yiuf
  6900 | D:6      | Killed Crazy Yiuf
  6900 | D:6      | Reached skill level 8 in Fire Magic
  7190 | D:7      | Noticed a hippogriff
  7248 | D:7      | Reached skill level 1 in Air Magic
  7311 | D:7      | Found an opulent altar of Gozag.
  7337 | D:7      | Reached XP level 9. HP: 40/45 MP: 8/19
  7778 | D:7      | Found a staircase to the Ecumenical Temple.
  7787 | Temple   | Entered the Ecumenical Temple
  8084 | Temple   | Fell from the grace of Makhleb
  8084 | Temple   | Became a worshipper of Vehumet
  8471 | D:8      | Noticed a death yak
  8478 | D:7      | Learned a level 2 spell: Blink
  8492 | D:8      | Found a staircase to the Lair.
  8501 | D:8      | Noticed a death yak
  8502 | D:8      | Noticed a death yak
  8619 | D:8      | Reached skill level 9 in Fire Magic
  8663 | D:8      | Noticed a smoke demon
  8958 | D:8      | Learned a level 1 spell: Magic Dart
  9471 | D:8      | Noticed a smoke demon
  9471 | D:8      | Noticed a hellwing
  9855 | D:7      | Slain by a death yak

Vault maps used:
D:1:      minmay_arrival_three_doors, serial_corexii_hall,
          corexii_hall_statues_deadend, corexii_hall_statues_s,
          minmay_misc_feat_five, minivault_24, minmay_pentomino_s2
D:2:      minmay_door_path, first_ration, chequers_ecumenical_altar_simple,
          trog_three_pillars_becter
D:3:      minmay_fountain_box, uniq_ijyb
D:4:      kennysheep_goblin_castle, serial_shops, shop
D:5:      uniq_prince_ribbit1
D:6:      serial_shops, kennysheep_little_box, minivault_14, uniq_eustachio,
          uniq_crazy_yiuf_cottage, uniq_sigmund, uniq_menkaure
D:7:      grunt_gozag_statues, temple_hall
D:8:      dpeg_lair_monsters, grunt_pizzeria
Temple:   regret_index_temple_sigil_plot

Skill      XL: |  1  2  3  4  5  6  7  8  9 |
---------------+----------------------------+-----
Conjurations   | 2 3 4 5 6 7 8 |  8.7
Stealth        | 3 |  3.0
Fire Magic     | 4 5 6 7 8 9 |  9.3
Dodging        | 3 4 5 6 7 |  7.1
Spellcasting   | 4 5 |  5.3
Air Magic      | 1 2 |  2.6

Action                   |  1- 3 |  4- 6 |  7- 9 || total
-------------------------+-------+-------+-------++-------
Melee: Dagger            |    24 |    29 |       ||    53
       Staff             |       |       |    31 ||    31
 Cast: Flame Tongue      |    45 |   112 |   159 ||   316
       Throw Flame       |     9 |    31 |    63 ||   103
       Conjure Flame     |       |       |     7 ||     7
       Magic Dart        |       |       |    11 ||    11
       Blink             |       |       |     2 ||     2
  Use: Scroll            |       |     1 |     4 ||     5
 Stab: Sleeping          |     5 |     4 |       ||     9
  Eat: Chunk             |     1 |    12 |    11 ||    24
       Ration            |       |       |     1 ||     1
Armor: Robe              |     3 |     6 |    24 ||    33
Dodge: Dodged            |    24 |    36 |    58 ||   118

Table legend:
 A = Non-vault XP
 B = Vault XP
 C = Vault XP percentage of total XP
 D = Non-vault monster count
 E = Vault monster count
 F = Vault count percentage of total count
                 A         B        C        D         E       F
            +---------+---------+-------+---------+---------+-------
      Total |    3033 |    1322 |  30.4 |     141 |      33 |  19.0
            +---------+---------+-------+---------+---------+-------
        D:1 |      32 |       3 |   8.6 |      18 |       2 |  10.0
        D:2 |      65 |       4 |   5.8 |      22 |       3 |  12.0
        D:3 |     179 |      39 |  17.9 |      22 |       1 |   4.3
        D:4 |     247 |      50 |  16.8 |      22 |      20 |  47.6
        D:5 |     203 |     268 |  56.9 |       9 |       1 |  10.0
        D:6 |     702 |     620 |  46.9 |      23 |       4 |  14.8
        D:7 |    1003 |       0 |   0.0 |      17 |       0 |   0.0
        D:8 |     602 |     338 |  36.0 |       8 |       2 |  20.0
            +---------+---------+-------+---------+---------+-------
